 Dungeon Crawl Stone Soup version 0.22-a0-404-g35e51767bf (webtiles) character file.

265 Kriby the Purveyor of Pain (level 5, -6/37 HPs)
             Began as a Demonspawn Necromancer on May 8, 2018.
             Was an Initiate of Kikubaaqudgha.
             Shot with an arrow by a centaur (14 damage)
             ... on level 5 of the Dungeon.
             The game lasted 00:06:55 (5934 turns).

Kriby the Purveyor of Pain (Demonspawn Necromancer) Turns: 5934, Time: 00:06:56

Health: -6/37      AC:  5    Str: 10    XL:     5   Next: 99%
Magic:  5/11       EV:  9    Int: 16    God:    Kikubaaqudgha [......]
Gold:   200        SH:  7    Dex: 13    Spells: 10/12 levels left

rFire    . . .     SeeInvis .   i - +0 club
rCold    . . .     Gourm    .   g - +0 shield
rNeg     . . .     Faith    .   a - +0 robe
rPois    +         Spirit   .   (helmet restricted)
rElec    .         Reflect  .   (no cloak)
rCorr    .         Harm     .   t - +0 pair of gloves
MR       .....                  (no boots)
Stlth    ++........             (no amulet)
HPRegen  0.12/turn              j - ring of poison resistance
MPRegen  0.12/turn              (no ring)

@: very slightly contaminated
A: antennae 1, icy blue scales 1, powered by death 1
a: Renounce Religion


You were on level 5 of the Dungeon.
You worshipped Kikubaaqudgha.
Kikubaaqudgha was noncommittal.
You were near starving.

You visited 2 branches of the dungeon, and saw 6 of its levels.

You collected 200 gold pieces.

Inventory:

Hand Weapons
 i - a +0 club (weapon)
Armour
 a - a +0 robe (worn)
 g - a +0 shield (worn)
 h - a +0 helmet
 l - a +0 large shield
 q - a +0 crystal plate armour
 t - a +0 pair of gloves (worn)
Jewellery
 j - a ring of poison resistance (left hand)
Wands
 v - a wand of disintegration (19)
Scrolls
 b - 2 scrolls of remove curse
 e - 2 scrolls of magic mapping
 k - a scroll of enchant weapon {unknown}
 o - a scroll of enchant armour {unknown}
 r - a scroll of fear {unknown}
 s - 2 scrolls of identify
Potions
 d - a potion of degeneration {unknown}
 f - a potion of mutation {unknown}
 m - 2 potions of lignification {unknown}
 n - a potion of curing
 p - 2 potions of might {unknown}
 u - a potion of agility {unknown}
Comestibles
 c - 6 rations


   Skills:
 - Level 1.0 Fighting
 - Level 1.0 Maces & Flails
 - Level 1.7 Dodging
 - Level 1.7 Stealth
 + Level 2.0 Shields
 * Level 4.2 Spellcasting
 + Level 5.4 Necromancy


You had 10 spell levels left.
You knew the following spells:

 Your Spells              Type           Power        Failure   Level  Hunger
a - Pain                  Necr           ###.         10%         1    None
b - Animate Skeleton      Necr           N/A          10%         1    None


Dungeon Overview and Level Annotations

Branches:
Dungeon (5/15)             Temple (1/1) D:4

Altars:
Ashenzari
Cheibriados
Dithmenos
Elyvilon
Fedhas
Gozag
Hepliaklqana
Kikubaaqudgha
Makhleb
Nemelex Xobeh
Okawaru
Ru
Sif Muna
Uskayaw
Vehumet
Wu Jian
Xom
Yredelemnul
Zin
The Shining One
Lugonu

Annotations:
D:4 Grinder


Innate Abilities, Weirdness & Mutations

You have a pair of small antennae on your head.
You are partially covered in icy blue scales. (AC +2)
You regenerate a little health from kills.


Message History

Casting: Pain (safe; 10% risk of failure)
Confirm with . or Enter, or press ? or * to list all spells.
Aiming: Pain (safe; 10% risk of failure)
Press: ? - help, Shift-Dir - straight line, f/p - centaur
Aim: a centaur, wielding a shortbow of velocity (heavily wounded, chance to defeat MR: 80%)
You miscast Pain.
You are very lightly contaminated with residual magic.
Nothing appears to happen.
The centaur shoots an arrow.
You block the arrow.
The adder closely misses you. 2 jackals come into view.
Casting: Pain (safe; 10% risk of failure)
Confirm with . or Enter, or press ? or * to list all spells.
Aiming: Pain (safe; 10% risk of failure)
Press: ? - help, Shift-Dir - straight line, f/p - centaur
Aim: a centaur, wielding a shortbow of velocity (heavily wounded, chance to defeat MR: 80%)
The centaur writhes in agony!
The jackal barks! x2; You hear a bark!
The centaur shoots an arrow.
The arrow hits you!
You die...
Kikubaaqudgha rasps: "You have failed me!
Welcome... death!"

#8...........#.#..........######
#_.#.#.#.#.8##............+
##⌠#_#_#.#_####...........#
########### #..##............
##.##.########### #.##.# .
#..#.# ....#####.#+#.#.
...>c..@..(.....#
#.....S..........
#......$.........
#.....[..........
#.....?.........#
#...............#
#...............#
#......hh..>..=<


You could see a centaur, an adder and 2 jackals.

Vanquished Creatures
  A scorpion (D:4)
  2 orc priests (D:4)
  An orc wizard (D:4)
  4 gnolls (D:2)
  3 adders
  An ooze (D:2)
  A worm (D:2)
  A dart slug (D:2)
  A leopard gecko (D:2)
  7 orcs
  A ball python (D:4)
  7 bats
  5 goblins
  6 hobgoblins
  3 quokkas
  6 frilled lizards
  7 kobolds
  8 rats
65 creatures vanquished.

Vanquished Creatures (collateral kills)
  An adder skeleton (D:4)
  2 orcs (D:4)
  A bat (D:2)
  A frilled lizard (D:4)
5 creatures vanquished.

Grand Total: 70 creatures vanquished

Notes
Turn   | Place    | Note
-------+----------+-------------------------------------------
     0 | D:1      | Kriby the Demonspawn Necromancer began the quest for the Orb.
     0 | D:1      | Reached XP level 1. HP: 13/13 MP: 3/3
    89 | D:1      | Learned a level 1 spell: Animate Skeleton
   780 | D:1      | Gained mutation: You are partially covered in icy blue scales. (AC +2) [demonic ancestry]
   780 | D:1      | Reached XP level 2. HP: 5/19 MP: 0/5
  1760 | D:2      | Reached XP level 3. HP: 22/24 MP: 2/7
  2157 | D:2      | Gained mutation: You regenerate a little health from kills. [demonic ancestry]
  2157 | D:2      | Reached XP level 4. HP: 26/31 MP: 0/8
  2318 | D:2      | Reached skill level 1 in Fighting
  2809 | D:2      | Reached skill level 1 in Shields
  3050 | D:2      | Reached skill level 1 in Maces & Flails
  3384 | D:3      | Found a deep blue altar of Sif Muna.
  3972 | D:3      | Reached skill level 5 in Necromancy
  4498 | D:4      | Noticed Grinder
  4792 | D:4      | Found a blossoming altar of Fedhas.
  4873 | D:4      | Gained mutation: You have a pair of small antennae on your head. [demonic ancestry]
  4873 | D:4      | Reached XP level 5. HP: 37/37 MP: 0/10
  5448 | D:4      | Found a staircase to the Ecumenical Temple.
  5579 | Temple   | Entered the Ecumenical Temple
  5676 | D:5      | Entered Level 5 of the Dungeon
  5739 | D:5      | Found a shadowy altar of Dithmenos.
  5871 | D:5      | Found an ancient bone altar of Kikubaaqudgha.
  5897 | D:5      | Found a burning altar of Makhleb.
  5900 | D:5      | Became a worshipper of Kikubaaqudgha
  5903 | D:5      | Found an iron altar of Okawaru.
  5903 | D:5      | Found a snail-covered altar of Cheibriados.
  5903 | D:5      | Found a glowing silver altar of Zin.
  5904 | D:5      | Found a basalt altar of Yredelemnul.
  5904 | D:5      | Found a hide-covered altar of Uskayaw.
  5906 | D:5      | Found an ornate altar of the Wu Jian Council.
  5907 | D:5      | Found a sparkling altar of Nemelex Xobeh.
  5926 | D:5      | Noticed a centaur
  5934 | D:5      | Shot with an arrow by a centaur

Vault maps used:
D:1:      giann_wishing_wells
D:3:      lemuel_crystal_altar, minmay_misc_feat_hallway
D:4:      lemuel_crystal_altar, temple_pool_b, serial_shops, shop,
          grunt_decor_fettered, minivault_26, uniq_grinder
D:5:      grunt_dithmenos_smoke_and_mirrors, tgw_trog, minitemple, serial_shops,
          nicolae_shop_statue_plus, first_ration
Temple:   corrupted_temple

Skill      XL: |  1  2  3  4  5 |
---------------+----------------+-----
Spellcasting   | 3 4 |  4.2
Fighting       | 1 |  1.0
Shields        | 1 2 |  2.0
Maces & Flails | 1 |  1.0
Necromancy     | 5 |  5.4
Dodging        | |  1.7
Stealth        | |  1.7

Action                   |  1- 3 |  4- 6 || total
-------------------------+-------+-------++-------
Melee: Club              |    31 |    38 ||    69
 Cast: Pain              |    44 |    87 ||   131
       Animate Skeleton  |     9 |    19 ||    28
  Use: Scroll            |     2 |     1 ||     3
  Eat: Chunk             |     4 |    10 ||    14
Armor: Robe              |    12 |    22 ||    34
Dodge: Dodged            |    25 |    26 ||    51
Block: Shield            |    26 |    37 ||    63

Table legend:
 A = Spawn XP
 B = Non-spawn XP
 C = Spawn XP percentage of total XP
 D = Spawn monster count
 E = Non-spawn monster count
 F = Spawn count percentage of total count
 G = Total turns spent on level
                    A         B        C        D         E        F      G
               +---------+---------+-------+---------+---------+-------+---------
         Total |       0 |     379 |   0.0 |       0 |      70 |   0.0 |  5934
               +---------+---------+-------+---------+---------+-------+---------
           D:1 |       0 |      19 |   0.0 |       0 |      15 |   0.0 |  1482
           D:2 |       0 |     127 |   0.0 |       0 |      28 |   0.0 |  1816
           D:3 |       0 |      29 |   0.0 |       0 |      11 |   0.0 |  1638
           D:4 |       0 |     199 |   0.0 |       0 |      14 |   0.0 |   687
           D:5 |       0 |       5 |   0.0 |       0 |       2 |   0.0 |   258
               +---------+---------+-------+---------+---------+-------+---------
